 Dungeon Crawl Stone Soup version 0.20.0-10-g0535bb4 (webtiles) character file.

67 kuniqs the Shield-Bearer (level 4, -1/37 HPs)
             Began as a Formicid Fighter on June 7, 2017.
             Slain by an orc
             ... wielding a +0 flail
              (3 damage)
             ... on level 3 of the Dungeon.
             The game lasted 00:02:07 (1451 turns).

kuniqs the Shield-Bearer (Formicid Fighter)         Turns: 1451, Time: 00:02:08

Health: -1/37      AC:  8    Str: 21    XL:     4   Next: 40%
Magic:  4/4        EV:  8    Int:  8    God:
Gold:   115        SH:  9    Dex: 10    Spells: 3/3 levels left

rFire    . . .     SeeInvis +   s - -3 hand axe (curse)
rCold    . . .     Gourm    .   c - +0 shield
rNeg     . . .     Faith    .   b - +0 scale mail
rPois    .         Spirit   .   (helmet unavailable)
rElec    .         Reflect  .   (no cloak)
rCorr    .         Harm     .   (no gloves)
MR       .....                  u - +0 pair of boots
Stlth    ..........             (no amulet)
Regen    0.2/turn               (no ring)
MPRegen  0.1/turn               (no ring)

@: no status effects
A: permanent stasis, dig shafts and tunnels, four strong arms, antennae 3
a: Dig, Shaft Self


You were on level 3 of the Dungeon.
You were not hungry.

You visited 1 branch of the dungeon, and saw 3 of its levels.

You collected 115 gold pieces.

Inventory:

Hand Weapons
 a - a +0 war axe
 s - a cursed -3 hand axe (weapon)
Missiles
 o - 2 throwing nets (quivered)
Armour
 b - a +0 scale mail (worn)
 c - a +0 shield (worn)
 u - a +0 pair of boots (worn)
Jewellery
 k - an uncursed ring of poison resistance {unknown}
Wands
 t - a wand of disintegration (11/24)
Scrolls
 g - a scroll of immolation
 j - a scroll of amnesia
 l - a scroll of enchant weapon
 v - a scroll of identify {@r1}
Potions
 h - a potion of curing {unknown}
 i - a potion of degeneration {unknown}
 m - a potion of might
 p - 3 potions of heal wounds {unknown}
 q - a potion of haste {unknown}
Comestibles
 d - a bread ration
 e - a meat ration
 f - 2 fruits
 n - 5 chunks of flesh
 r - a royal jelly


   Skills:
 + Level 3.8 Fighting
 + Level 2.5 Axes
 + Level 3.8 Armour
 + Level 1.5 Dodging
 + Level 3.9 Shields


You had 3 spell levels left.
You didn't know any spells.

Dungeon Overview and Level Annotations

Branches:
Dungeon (3/15)

Altars:
Ashenzari
Cheibriados
Fedhas
Makhleb
Xom
Zin

Annotations:
D:2 1 runed door


Innate Abilities, Weirdness & Mutations

You cannot be hasted, slowed, berserked, paralysed or teleported.
You can dig through walls and to a lower floor.
Your four strong arms can wield two-handed weapons with a shield.
You have a pair of large antennae on your head. (SInv)


Message History

You block the orc priest's attack. You block the orc's attack.
The orc barely misses you.
You hit the orc but do no damage. You barely miss the orc. You hit the orc.
The orc priest hits you but does no damage.
You block the orc's attack. The orc hits you but does no damage.
The orc barely misses you.
You hit the orc but do no damage. You barely miss the orc.
You hit the orc but do no damage.
The orc priest hits you from afar with a trident.
* * * LOW HITPOINT WARNING * * *
The orc barely misses you. You block the orc's attack.
The orc hits you with a mace.
* * * LOW HITPOINT WARNING * * *
The orc priest closely misses you.
You hit the orc.
The orc is moderately wounded.
You hit the orc but do no damage. You hit the orc. You block the orc's attack.
The orc priest calls upon Beogh to heal the orc.
The orc's wounds heal themselves!
The orc hits you with a flail.
You die...

#.#.# ..... .........#
#.#.# .#........# .##.#
##.#...>....# รท...# #..
#........# .##.###.#
#........# .....##.#
#...o.o..#
.##.....###....ooo.# #.#.
.###.....# #@# .....
.#.......#######.###....#
.#.......................
.#...#......#.##.....####
............#........#
.#..###..............#
.#...................#.##
..###......##...........
... ###............##.#.


You could see an orc priest and 4 orcs.

Vanquished Creatures
  An adder (D:3)
  4 worms
  2 dart slugs
  A leopard gecko (D:1)
  4 bats
  7 goblins
  4 hobgoblins
  4 jackals (D:1)
  6 frilled lizards
  5 kobolds
  5 rats
43 creatures vanquished.

Notes
Turn   | Place    | Note
-------+----------+-------------------------------------------
     0 | D:1      | kuniqs the Formicid Fighter began the quest for the Orb.
     0 | D:1      | Reached XP level 1. HP: 18/18 MP: 1/1
    71 | D:1      | Reached XP level 2. HP: 24/24 MP: 2/2
   291 | D:1      | Reached XP level 3. HP: 29/29 MP: 3/3
   465 | D:1      | Reached skill level 1 in Dodging
   865 | D:2      | Found a burning altar of Makhleb.
   877 | D:2      | Found a shattered altar of Ashenzari.
   878 | D:2      | Found a blossoming altar of Fedhas.
   878 | D:2      | Found a glowing silver altar of Zin.
   880 | D:2      | Found a snail-covered altar of Cheibriados.
   882 | D:2      | Found a shimmering altar of Xom.
   951 | D:2      | Found a faded altar of an unknown god.
  1141 | D:2      | Reached XP level 4. HP: 28/37 MP: 4/4
  1213 | D:2      | Found a runed door.
  1451 | D:3      | Slain by an orc

Skill      XL: |  1  2  3 |
---------------+----------+-----
Dodging        | 1 |  1.5
Fighting       | |  3.8
Axes           | |  2.5
Armour         | |  3.8
Shields        | |  3.9

Action                   |  1- 3 |  4- 6 || total
-------------------------+-------+-------++-------
Melee: War axe           |    68 |       ||    68
       Hand axe          |    40 |    66 ||   106
  Use: Scroll            |     4 |       ||     4
  Eat: Chunk             |     1 |     1 ||     2
Armor: Scale mail        |    38 |    46 ||    84
Dodge: Dodged            |    29 |    31 ||    60
Block: Shield            |    49 |    45 ||    94
